| TOP OF THE 1ST |
|
Philadelphia (APP) Phillies batting - Pitching for Billings Mustangs : RHP Larry McPhee
|
|
Pitching: RHP Larry McPhee
|
|
|
Batting: LHB Jonathan Roman
|
0-0: Bunt missed! 0-1: Swinging Strike 0-2: Ball 1-2: Foul Ball, location: 2F 1-2: Ball 2-2: Foul Ball, location: 2F 2-2: Ball 3-2: Base on Balls
|
|
Batting: RHB Dave Gallegos
|
0-0: Ball Jonathan Roman steals 2nd base 1-0: Hit by Pitch
|
|
Batting: SHB Brett St. Clair
|
0-0: Ball 1-0: Ball 2-0: Swinging Strike 2-1: Swinging Strike 2-2: Ball 3-2: Grounds into double play, 4-6-3 (Groundball, 4, EV 88.1 MPH) Jonathan Roman to third
|
|
Batting: RHB Juan Valadez
|
0-0: Ground out 6-3 (Groundball, P, EV 88.1 MPH)
|
| Top of the 1st over - 0 runs, 0 hits, 0 errors, 1 left on base; Philadelphia (APP) 0 - Billings 0 |
| BOTTOM OF THE 1ST |
|
Billings Mustangs batting - Pitching for Philadelphia (APP) Phillies : LHP Tim Lawson
|
|
Pitching: LHP Tim Lawson
|
|
|
Batting: RHB Alex de Leon
|
0-0: Ball 1-0: Ball 2-0: Ground out 5-3 (Groundball, 5L, EV 98.8 MPH)
|
|
Batting: SHB Jaivata Mohanty
|
0-0: Ball 1-0: Foul Ball, location: 2F 1-1: Ball 2-1: SINGLE (Groundball, 34D, EV 105.6 MPH)
|
|
Batting: RHB Alex Villagomez
|
0-0: Ball 1-0: Swinging Strike 1-1: Grounds into double play, 5-4-3 (Groundball, 56S, EV 92.5 MPH)
|
| Bottom of the 1st over - 0 runs, 1 hit, 0 errors, 0 left on base; Philadelphia (APP) 0 - Billings 0 |
| TOP OF THE 2ND |
|
Philadelphia (APP) Phillies batting - Pitching for Billings Mustangs : RHP Larry McPhee
|
|
Batting: RHB Simon Mergeni
|
0-0: Called Strike 0-1: Swinging Strike 0-2: Strikes out swinging
|
|
Batting: RHB Zach Slot
|
0-0: Swinging Strike 0-1: Foul Ball, location: 2F 0-2: Ball 1-2: Hit by Pitch
|
|
Batting: RHB Joel Gomez
|
0-0: Ball Wild Pitch! Zach Slot to second 1-0: Called Strike 1-1: Called Strike 1-2: Ball 2-2: Ball 3-2: Strikes out looking
|
|
Batting: RHB Rafael Soto
|
0-0: Called Strike 0-1: Foul Ball, location: 2F 0-2: Foul Ball, location: 2F 0-2: Strikes out swinging
|
| Top of the 2nd over - 0 runs, 0 hits, 0 errors, 1 left on base; Philadelphia (APP) 0 - Billings 0 |
| BOTTOM OF THE 2ND |
|
Billings Mustangs batting - Pitching for Philadelphia (APP) Phillies : LHP Tim Lawson
|
|
Batting: SHB David Garnica
|
0-0: Ball 1-0: Foul Ball, location: 2F 1-1: Fly out, F6 (Popup, 6, EV 70.0 MPH)
|
|
Batting: RHB Alex Juarez
|
0-0: Ball 1-0: Swinging Strike 1-1: Ground out 4-3 (Groundball, 4, EV 101.9 MPH)
|
|
Batting: LHB William Matthews
|
0-0: Ball 1-0: Called Strike 1-1: Ball 2-1: Ball 3-1: Ground out 4-3 (Groundball, 4, EV 86.2 MPH)
|
| Bottom of the 2nd over - 0 runs, 0 hits, 0 errors, 0 left on base; Philadelphia (APP) 0 - Billings 0 |
| TOP OF THE 3RD |
|
Philadelphia (APP) Phillies batting - Pitching for Billings Mustangs : RHP Larry McPhee
|
|
Batting: RHB Allen Deschamps
|
0-0: Called Strike 0-1: Ball 1-1: SOLO HOME RUN (Flyball, 7LD, EV 90.0 MPH), Distance : 338 ft
|
|
Batting: LHB Jonathan Roman
|
0-0: Fly out, F7 (Flyball, 7LM, EV 75.0 MPH)
|
|
Batting: RHB Dave Gallegos
|
0-0: Ground out 5-3 (Groundball, 56S, EV 82.5 MPH)
|
|
Batting: SHB Brett St. Clair
|
0-0: Foul Ball, location: 2F 0-1: Foul Ball, location: 2F 0-2: Ball 1-2: Foul Ball, location: 2F 1-2: Ground out U3 (Groundball, 34, EV 85.0 MPH)
|
| Top of the 3rd over - 1 run, 1 hit, 0 errors, 0 left on base; Philadelphia (APP) 1 - Billings 0 |
| BOTTOM OF THE 3RD |
|
Billings Mustangs batting - Pitching for Philadelphia (APP) Phillies : LHP Tim Lawson
|
|
Batting: RHB Ji-an See-to
|
0-0: Ball 1-0: Called Strike 1-1: Ground out U3 (Groundball, 34S, EV 88.8 MPH)
|
|
Batting: LHB Jose Cruz
|
0-0: Ball 1-0: SINGLE (Groundball, 6MD, EV 97.5 MPH)
|
|
Batting: LHB Alex Ramos
|
0-0: Foul Ball, location: 2F 0-1: Foul Ball, location: 2F 0-2: Reached on error, E5 (Groundball, 56, EV 84.4 MPH) Jose Cruz to second
|
|
Batting: RHB Alex de Leon
|
0-0: Ball 1-0: Ground out 5-3 (Groundball, 56S, EV 69.4 MPH) Jose Cruz to third Alex Ramos to second
|
|
Batting: SHB Jaivata Mohanty
|
0-0: Called Strike 0-1: Called Strike 0-2: Strikes out swinging
|
| Bottom of the 3rd over - 0 runs, 1 hit, 1 error, 2 left on base; Philadelphia (APP) 1 - Billings 0 |
| TOP OF THE 4TH |
|
Philadelphia (APP) Phillies batting - Pitching for Billings Mustangs : RHP Larry McPhee
|
|
Batting: RHB Juan Valadez
|
0-0: Ball 1-0: Called Strike 1-1: Swinging Strike 1-2: Strikes out swinging
|
|
Batting: RHB Simon Mergeni
|
0-0: Ground out 5-3 (Groundball, 56, EV 96.2 MPH)
|
|
Batting: RHB Zach Slot
|
0-0: Called Strike 0-1: Swinging Strike 0-2: Strikes out swinging
|
| Top of the 4th over - 0 runs, 0 hits, 0 errors, 0 left on base; Philadelphia (APP) 1 - Billings 0 |
| BOTTOM OF THE 4TH |
|
Billings Mustangs batting - Pitching for Philadelphia (APP) Phillies : LHP Tim Lawson
|
|
Batting: RHB Alex Villagomez
|
0-0: Ball 1-0: Ball 2-0: Called Strike 2-1: Foul Ball, location: 2F 2-2: Strikes out swinging
|
|
Batting: SHB David Garnica
|
0-0: Ball 1-0: Ball 2-0: Called Strike 2-1: Ball 3-1: Foul Ball, location: 2F 3-2: SINGLE (Flyball, 6MD, EV 90.0 MPH)
|
|
Batting: RHB Alex Juarez
|
0-0: Ball 1-0: Ball Passed Ball! David Garnica to second 2-0: SINGLE (Line Drive, 8LS, EV 93.1 MPH) David Garnica to third Runner from 3rd tries for Home, SAFE, throw by CF to home
|
|
Batting: LHB William Matthews
|
0-0: Swinging Strike 0-1: Foul Ball, location: 2F 0-2: Fly out, F8 (Flyball, 78M, EV 90.0 MPH)
|
|
Batting: RHB Ji-an See-to
|
0-0: Foul Ball, location: 2F 0-1: Ball 1-1: Ball 2-1: Called Strike Pickoff Throw to First - Out! 1-3
|
| Bottom of the 4th over - 1 run, 2 hits, 0 errors, 0 left on base; Philadelphia (APP) 1 - Billings 1 |
| TOP OF THE 5TH |
|
Philadelphia (APP) Phillies batting - Pitching for Billings Mustangs : RHP Larry McPhee
|
|
Batting: RHB Joel Gomez
|
0-0: Fly out, F7 (Flyball, 7, EV 81.2 MPH)
|
|
Batting: RHB Rafael Soto
|
0-0: Foul Ball, location: 2F 0-1: Swinging Strike 0-2: Ball 1-2: Strikes out swinging
|
|
Batting: RHB Allen Deschamps
|
0-0: Ball 1-0: Swinging Strike 1-1: Ball 2-1: Called Strike 2-2: Strikes out swinging
|
| Top of the 5th over - 0 runs, 0 hits, 0 errors, 0 left on base; Philadelphia (APP) 1 - Billings 1 |
| BOTTOM OF THE 5TH |
|
Billings Mustangs batting - Pitching for Philadelphia (APP) Phillies : LHP Tim Lawson
|
|
Batting: RHB Ji-an See-to
|
0-0: Ball 1-0: Ball 2-0: Called Strike 2-1: Ball 3-1: Foul Ball, location: 2F 3-2: Base on Balls
|
|
Batting: LHB Jose Cruz
|
0-0: Foul Ball, location: 2F 0-1: Called Strike 0-2: Strikes out looking
|
|
Batting: LHB Alex Ramos
|
0-0: Called Strike 0-1: Swinging Strike 0-2: Foul Ball, location: 2F 0-2: Strikes out swinging
|
|
Batting: RHB Alex de Leon
|
0-0: Ball 1-0: Swinging Strike 1-1: Called Strike 1-2: Ball 2-2: Ball 3-2: Strikes out looking
|
| Bottom of the 5th over - 0 runs, 0 hits, 0 errors, 1 left on base; Philadelphia (APP) 1 - Billings 1 |
| TOP OF THE 6TH |
|
Philadelphia (APP) Phillies batting - Pitching for Billings Mustangs : RHP Larry McPhee
|
|
Batting: LHB Jonathan Roman
|
0-0: SINGLE (Flyball, 3D, EV 89.4 MPH)
|
|
Batting: RHB Dave Gallegos
|
0-0: Ground out 4-3 (Groundball, 34S, EV 89.4 MPH) Jonathan Roman to second
|
|
Batting: SHB Brett St. Clair
|
0-0: Intentional Walk
|
|
Batting: RHB Juan Valadez
|
0-0: Fielders Choice at 2nd, 4-6 (Groundball, 4M, EV 102.5 MPH) Jonathan Roman to third
|
|
Batting: RHB Simon Mergeni
|
0-0: Ball 1-0: Ball 2-0: Foul Ball, location: 2F 2-1: Ball 3-1: Foul Ball, location: 2F 3-2: Foul Ball, location: 2F 3-2: Base on Balls Juan Valadez to second
|
|
Batting: RHB Zach Slot
|
0-0: Called Strike 0-1: Ball Wild Pitch! Jonathan Roman scores Juan Valadez to third Simon Mergeni to second 1-1: Swinging Strike 1-2: Foul Ball, location: 2F 1-2: Foul Ball, location: 2F 1-2: Strikes out swinging
|
| Top of the 6th over - 1 run, 1 hit, 0 errors, 2 left on base; Philadelphia (APP) 2 - Billings 1 |
| BOTTOM OF THE 6TH |
|
Billings Mustangs batting - Pitching for Philadelphia (APP) Phillies : LHP Tim Lawson
|
|
Batting: SHB Jaivata Mohanty
|
0-0: Ball 1-0: Ball 2-0: Called Strike 2-1: Ball 3-1: Called Strike 3-2: Foul Ball, location: 2F 3-2: DOUBLE (Flyball, 8RXD, EV 109.4 MPH)
|
|
Pitching: RHP Dave Gomez
|
|
|
Batting: RHB Alex Villagomez
|
0-0: Called Strike 0-1: Called Strike 0-2: Foul Ball, location: 2F 0-2: Ground out 5-3 (Groundball, 5, EV 102.5 MPH)
|
|
Batting: SHB David Garnica
|
0-0: Called Strike 0-1: Ball 1-1: Ball 2-1: Ball 3-1: Called Strike 3-2: 2-RUN HOME RUN (Flyball, 9LD, EV 98.1 MPH), Distance : 356 ft
|
|
Batting: RHB Alex Juarez
|
0-0: Swinging Strike 0-1: Foul Ball, location: 2F 0-2: Foul Ball, location: 2F 0-2: Ball 1-2: Ground out 5-3 (Groundball, 56S, EV 81.2 MPH)
|
|
Batting: LHB William Matthews
|
0-0: Called Strike 0-1: Ball 1-1: Called Strike 1-2: Foul Ball, location: 2F 1-2: Ball 2-2: SINGLE (Line Drive, 5D, EV 98.8 MPH)
|
|
Batting: RHB Ji-an See-to
|
0-0: Ground out 4-3 (Groundball, 34, EV 82.5 MPH)
|
| Bottom of the 6th over - 2 runs, 3 hits, 0 errors, 1 left on base; Philadelphia (APP) 2 - Billings 3 |
| TOP OF THE 7TH |
|
Philadelphia (APP) Phillies batting - Pitching for Billings Mustangs : RHP Larry McPhee
|
|
Pitching: LHP Gabe Alcantara
|
|
|
Batting: RHB Joel Gomez
|
0-0: Ball 1-0: Called Strike 1-1: Fly out, F4 (Popup, 13, EV 86.9 MPH)
|
|
Batting: RHB Rafael Soto
|
0-0: Ball 1-0: Ground out 6-3 (Groundball, P, EV 82.5 MPH)
|
|
Batting: RHB Allen Deschamps
|
0-0: Foul Ball, location: 2F 0-1: Called Strike 0-2: Ball 1-2: Strikes out looking
|
| Top of the 7th over - 0 runs, 0 hits, 0 errors, 0 left on base; Philadelphia (APP) 2 - Billings 3 |
| BOTTOM OF THE 7TH |
|
Billings Mustangs batting - Pitching for Philadelphia (APP) Phillies : RHP Dave Gomez
|
|
Batting: LHB Jose Cruz
|
0-0: DOUBLE (Line Drive, 7LM, EV 104.4 MPH)
|
|
Pitching: RHP Franck Basset
|
|
|
Batting: LHB Alex Ramos
|
0-0: Sac Bunt to 2L - play at first, batter OUT! 2-3 Jose Cruz to third
|
|
Batting: RHB Alex de Leon
|
0-0: Swinging Strike 0-1: Foul Ball, location: 2F 0-2: Foul Ball, location: 2F 0-2: Ball 1-2: Strikes out swinging
|
|
Batting: SHB Jaivata Mohanty
|
0-0: Ball 1-0: Foul Ball, location: 2F 1-1: Ball 2-1: Foul Ball, location: 2F 2-2: Ball Wild Pitch! Jose Cruz scores 3-2: Base on Balls
|
|
Batting: RHB Alex Villagomez
|
Pickoff Throw to First - Out! 1-3
|
| Bottom of the 7th over - 1 run, 1 hit, 0 errors, 0 left on base; Philadelphia (APP) 2 - Billings 4 |
| TOP OF THE 8TH |
|
Philadelphia (APP) Phillies batting - Pitching for Billings Mustangs : LHP Gabe Alcantara
|
|
Batting: LHB Jonathan Roman
|
0-0: Ball 1-0: Foul Ball, location: 2F 1-1: Called Strike 1-2: Ball 2-2: Foul Ball, location: 2F 2-2: SINGLE (Flyball, 9, EV 91.2 MPH)
|
|
Batting: RHB Dave Gallegos
|
0-0: Called Strike 0-1: Foul Ball, location: 2F 0-2: Ball 1-2: Ball 2-2: Ball Wild Pitch! Jonathan Roman to second 3-2: DOUBLE (Groundball, 5L, EV 98.8 MPH) Jonathan Roman scores
|
|
Batting: SHB Brett St. Clair
|
0-0: Ball 1-0: Swinging Strike 1-1: Called Strike 1-2: Ball 2-2: Strikes out swinging
|
|
Batting: RHB Juan Valadez
|
0-0: Foul Ball, location: 2F 0-1: Foul Ball, location: 2F 0-2: Foul Ball, location: 2F 0-2: Fly out, F7 (Line Drive, 7LM, EV 99.4 MPH)
|
|
Batting: RHB Simon Mergeni
|
0-0: Ball 1-0: Ball 2-0: Ball 3-0: Called Strike 3-1: Foul Ball, location: 2F 3-2: Ground out U3 (Groundball, 34, EV 80.0 MPH)
|
| Top of the 8th over - 1 run, 2 hits, 0 errors, 1 left on base; Philadelphia (APP) 3 - Billings 4 |
| BOTTOM OF THE 8TH |
|
Billings Mustangs batting - Pitching for Philadelphia (APP) Phillies : RHP Franck Basset
|
|
Batting: RHB Alex Villagomez
|
0-0: Ball 1-0: Ball 2-0: Foul Ball, location: 2F 2-1: Ball 3-1: Foul Ball, location: 2F 3-2: Base on Balls
|
|
Pitching: LHP Marc Haigler
|
|
|
Batting: SHB David Garnica
|
0-0: Ball 1-0: Ball 2-0: Ball 3-0: Called Strike 3-1: Base on Balls Alex Villagomez to second
|
|
Batting: RHB Alex Juarez
|
0-0: Called Strike 0-1: Ball 1-1: Ball 2-1: Ball 3-1: Base on Balls Alex Villagomez to third David Garnica to second
|
|
Batting: LHB William Matthews
|
0-0: Foul Ball, location: 2F 0-1: Foul Ball, location: 2F 0-2: Foul Ball, location: 2F 0-2: Ball 1-2: Foul Ball, location: 2F 1-2: Foul Ball, location: 2F 1-2: Strikes out looking
|
|
Batting: RHB Ji-an See-to
|
0-0: Ball 1-0: Foul Ball, location: 2F 1-1: Foul Ball, location: 2F 1-2: Ball 2-2: Foul Ball, location: 2F 2-2: SINGLE (Line Drive, 78S, EV 96.9 MPH) Alex Villagomez scores David Garnica to third Alex Juarez to second
|
|
Pitching: RHP Bobby Acevedo
|
|
|
Batting: LHB Jose Cruz
|
0-0: Called Strike 0-1: Ball 1-1: Foul Ball, location: 2F 1-2: Ball 2-2: Strikes out looking
|
|
Batting: LHB Alex Ramos
|
0-0: Ball Wild Pitch! David Garnica scores Alex Juarez to third Ji-an See-to to second 1-0: Foul Ball, location: 2F 1-1: DOUBLE (Groundball, 5L, EV 97.5 MPH) Alex Juarez scores Ji-an See-to scores
|
|
Batting: RHB Alex de Leon
|
0-0: Foul Ball, location: 2F 0-1: Ball 1-1: Foul Ball, location: 2F 1-2: Foul Ball, location: 2F 1-2: Ground out U3 (Groundball, 3L, EV 98.8 MPH)
|
| Bottom of the 8th over - 4 runs, 2 hits, 0 errors, 1 left on base; Philadelphia (APP) 3 - Billings 8 |
| TOP OF THE 9TH |
|
Philadelphia (APP) Phillies batting - Pitching for Billings Mustangs : LHP Gabe Alcantara
|
|
Batting: RHB Zach Slot
|
0-0: Ground out 6-3 (Groundball, 6, EV 100.6 MPH)
|
|
Batting: RHB Joel Gomez
|
0-0: Ball 1-0: Ball 2-0: Foul Ball, location: 2F 2-1: SOLO HOME RUN (Line Drive, 7D, EV 101.9 MPH), Distance : 385 ft
|
|
Pitching: RHP Jeff Buchanan
|
|
|
Batting: RHB Rafael Soto
|
0-0: Ball 1-0: Called Strike 1-1: Ball 2-1: Called Strike 2-2: Strikes out swinging
|
|
Batting: RHB Allen Deschamps
|
0-0: SINGLE (Groundball, 34D, EV 108.8 MPH)
|
|
Batting: LHB Jonathan Roman
|
0-0: Ball 1-0: Ball 2-0: Ball 3-0: Base on Balls Allen Deschamps to second
|
|
Pitching: RHP Guang Jue
|
|
|
Batting: RHB Dave Gallegos
|
0-0: Ball 1-0: Fielders Choice at 2nd, 6-4 (Groundball, 6, EV 101.2 MPH)
|
| Top of the 9th over - 1 run, 2 hits, 0 errors, 2 left on base; Philadelphia (APP) 4 - Billings 8 |
|